 Dungeon Crawl Stone Soup version 0.23-a0-473-gc8aadda (webtiles) character file.

2098 nikopol the Thaumaturge (level 9, -1/46 HPs)
             Began as a Deep Elf Fire Elementalist on Nov 27, 2018.
             Was a Believer of Vehumet.
             Slain by an unseen horror (7 damage)
             ... on level 7 of the Dungeon.
             The game lasted 00:16:58 (5891 turns).

nikopol the Thaumaturge (DEFE)                      Turns: 5891, Time: 00:16:59

Health: -1/46      AC:  4    Str:  5    XL:     9   Next: 7%
Magic:  10/24      EV: 14    Int: 24    God:    Vehumet [**....]
Gold:   346        SH:  0    Dex: 15    Spells: 11/26 levels left

rFire    . . .     SeeInvis .   m - +2 dagger (protect)
rCold    . . .     Gourm    .   (no shield)
rNeg     . . .     Faith    +   a - +0 robe
rPois    .         Spirit   .   n - +0 helmet
rElec    .         Reflect  .   (no cloak)
rCorr    .         Harm     .   (no gloves)
MR       .....                  g - +0 pair of boots
Stlth    +++.......             w - amulet of faith
HPRegen  0.15/turn              (no ring)
MPRegen  0.19/turn              (no ring)

@: no status effects
A: no striking features
a: Renounce Religion


You were on level 7 of the Dungeon.
You worshipped Vehumet.
Vehumet was pleased with you.
You were not hungry.

You visited 2 branches of the dungeon, and saw 8 of its levels.

You collected 346 gold pieces.

Inventory:

Hand Weapons
 d - a +0 dagger
 m - a +2 dagger of protection (weapon)
Armour
 a - a +0 robe (worn)
 g - a +0 pair of boots (worn)
 n - a +0 helmet (worn)
Jewellery
 o - an uncursed ring of wizardry {unknown}
 w - an amulet of faith (around neck)
Wands
 f - a wand of enslavement (9)
Scrolls
 e - 2 scrolls of remove curse
 i - 2 scrolls of identify
 s - 3 scrolls of teleportation
 t - a scroll of acquirement {unknown}
 u - a scroll of immolation {unknown}
 v - a scroll of magic mapping
Potions
 b - a potion of might
 h - 3 potions of lignification
 j - 3 potions of flight
 k - 2 potions of curing {unknown}
 l - a potion of invisibility {unknown}
 p - a potion of magic {unknown}
 q - a potion of heal wounds {unknown}
 r - 3 potions of agility {unknown}
 z - a potion of mutation {unknown}
Comestibles
 c - 9 rations
 x - a chunk of flesh


   Skills:
 + Level 0.4 Fighting
 + Level 3.7 Dodging
 + Level 4.0 Stealth
 + Level 9.2 Spellcasting
 + Level 7.2 Conjurations
 + Level 7.8 Fire Magic


You had 11 spell levels left.
You knew the following spells:

 Your Spells              Type           Power        Failure   Level  Hunger
a - Flame Tongue          Conj/Fire      #####        1%          1    None
b - Throw Flame           Conj/Fire      #####.       1%          2    None
c - Conjure Flame         Conj/Fire      #####...     1%          3    None
d - Sticky Flame          Conj/Fire      #####...     2%          4    ##.....
e - Fireball              Conj/Fire      #####.....   7%          5    ####...

Your spell library contained the following spells:

 Spells                   Type           Power        Failure   Level  Hunger
 Static Discharge         Conj/Air       ####....     3%          3    None
 Inner Flame              Hex/Fire       ####....     3%          3    None


Dungeon Overview and Level Annotations

Branches:
Dungeon (7/15)             Temple (1/1) D:4

Altars:
Ashenzari
Cheibriados
Elyvilon
Hepliaklqana
Makhleb
Nemelex Xobeh
Okawaru
Uskayaw
Vehumet
Wu Jian
Zin
The Shining One

Shops:
D:4 *


Message History

Confirm with . or Enter, or press ? or * to list all spells.
Aiming: Sticky Flame (safe; 2% risk of failure)
Press: ? - help, Shift-Dir - straight line, f/p - quokka
Aim: a quokka The sticky flame hits the quokka.
You kill the quokka!
Vehumet accepts your kill. Something hits you!
Casting: Sticky Flame (safe; 2% risk of failure)
Confirm with . or Enter, or press ? or * to list all spells.
Aiming: Sticky Flame (safe; 2% risk of failure)
Press: ? - help, Shift-Dir - straight line Something hits you!
* * * LOW HITPOINT WARNING * * *
Casting: Sticky Flame (safe; 2% risk of failure)
Confirm with . or Enter, or press ? or * to list all spells.
Aiming: Sticky Flame (safe; 2% risk of failure)
Press: ? - help, Shift-Dir - straight line Something hits you!
You die...

...... ....#
#..# ...#
#..# ..#
#..# #.#
#..# #.#
#..# #.#
#..#
#{#####..#
#.@......#
#####
########.#
#.... #.#
#.#.. #.#
#.#.# #.#
#.#.# #.#
#.#.#
#.######.#.#
#........#.#
##########.#


There were no monsters in sight!

Vanquished Creatures
  Prince Ribbit (D:6)
  Eustachio (D:5)
  An orc warrior (D:6)
  3 sky beasts
  A black bear (D:6)
  A necrophage (D:6)
  2 ice beasts (D:6)
  A phantom (D:6)
  An ogre (D:4)
  A scorpion (D:6)
  2 howler monkeys
  A hound (D:6)
  4 orc priests
  An iguana (D:6)
  2 orc wizards
  A centaur skeleton (D:4)
  5 worker ants
  A killer bee zombie (D:5)
  A hound zombie (D:7)
  2 hound skeletons (D:4)
  Robin (D:2)
  2 worker ant zombies
  4 gnolls (D:4)
  A howler monkey skeleton (D:6)
  10 adders
  An adder zombie (D:6)
  An adder skeleton (D:4)
  8 dart slugs
  3 worms (D:4)
  3 leopard geckos
  21 orcs
  2 ball pythons
  3 bats
  6 giant cockroaches
  14 goblins
  7 hobgoblins
  4 jackals (D:4)
  5 quokkas
  7 frilled lizards
  7 kobolds
  6 rats
149 creatures vanquished.

Notes
Turn   | Place    | Note
-------+----------+-------------------------------------------
     0 | D:1      | nikopol the Deep Elf Fire Elementalist began the quest for
                  | the Orb.
     0 | D:1      | Reached XP level 1. HP: 10/10 MP: 6/6
   178 | D:1      | Reached XP level 2. HP: 9/15 MP: 5/8
   853 | D:2      | Reached XP level 3. HP: 15/19 MP: 6/9
   915 | D:2      | Learned a level 2 spell: Throw Flame
   919 | D:2      | Learned a level 3 spell: Conjure Flame
   939 | D:2      | Found an ornate altar of the Wu Jian Council.
  1078 | D:2      | Noticed Robin
  1101 | D:2      | Killed Robin
  1115 | D:2      | Reached XP level 4. HP: 24/24 MP: 4/11
  1658 | D:3      | Found a sparkling altar of Nemelex Xobeh.
  1669 | D:3      | Found a faded altar of an unknown god.
  1759 | D:3      | Reached skill level 4 in Spellcasting
  2032 | D:3      | Reached XP level 5. HP: 28/28 MP: 3/13
  2041 | D:3      | Learned a level 4 spell: Sticky Flame
  2193 | D:3      | Reached skill level 5 in Fire Magic
  2582 | D:3      | Found a burning altar of Makhleb.
  2946 | D:4      | Reached XP level 6. HP: 32/32 MP: 11/14
  2961 | D:4      | Found a staircase to the Ecumenical Temple.
  2968 | Temple   | Entered the Ecumenical Temple
  3073 | Temple   | Became a worshipper of Vehumet
  3141 | D:4      | Reached skill level 5 in Spellcasting
  3281 | D:4      | Found a glowing silver altar of Zin.
  3667 | D:4      | Found Ifemocuq's Mass Market.
  3675 | D:4      | Reached XP level 7. HP: 36/36 MP: 12/17
  4091 | D:4      | Reached * piety under Vehumet
  4091 | D:4      | Offered knowledge of Magic Dart by Vehumet.
  4101 | D:4      | Learned a level 5 spell: Fireball
  4125 | D:5      | Entered Level 5 of the Dungeon
  4129 | D:5      | Reached skill level 6 in Spellcasting
  4142 | D:5      | Noticed Eustachio
  4187 | D:5      | Killed Eustachio
  4187 | D:5      | Reached skill level 5 in Conjurations
  4338 | D:5      | Found an iron altar of Okawaru.
  4482 | D:5      | Reached skill level 7 in Spellcasting
  4482 | D:5      | Reached XP level 8. HP: 40/41 MP: 12/20
  4817 | D:6      | Noticed Prince Ribbit
  4834 | D:6      | Killed Prince Ribbit
  4834 | D:6      | Reached ** piety under Vehumet
  4930 | D:6      | Offered knowledge of Searing Ray by Vehumet.
  5003 | D:6      | Reached skill level 8 in Spellcasting
  5257 | D:6      | Reached skill level 9 in Spellcasting
  5422 | D:6      | Reached XP level 9. HP: 46/46 MP: 8/24
  5823 | D:7      | Offered knowledge of Static Discharge by Vehumet.
  5830 | D:7      | Found a glowing golden altar of the Shining One.
  5891 | D:7      | Slain by an unseen horror

Vault maps used:
D:1:      saegor_arrival_simple_e
D:2:      lemuel_doored_altar, minmay_misc_feat_encased, uniq_robin
D:3:      makhleb_grotto_becter, nemelex_xobeh_ov_fountains_minmay,
          chequers_ecumenical_altar_simple, solitary_fountain
D:4:      kennysheep_mini, minmay_temple_entry_overgrown, minmay_shop_mass
D:5:      first_ration, nrook_mini_vaults, okawaru_metal_pillars_3,
          uniq_eustachio
D:6:      uniq_prince_ribbit1
D:7:      nicolae_tso_swordbearing_angel
Temple:   nicolae_temple_figure_eight

Skill      XL: |  1  2  3  4  5  6  7  8 |
---------------+-------------------------+-----
Fire Magic     | 4 5 6 7 |  7.8
Stealth        | 3 4 |  4.0
Conjurations   | 2 3 4 5 7 |  7.2
Spellcasting   | 4 5 7 9 |  9.2
Dodging        | 3 |  3.7
Fighting       | |  0.4

Action                   |  1- 3 |  4- 6 |  7- 9 || total
-------------------------+-------+-------+-------++-------
Melee: Dagger            |       |     4 |     2 ||     6
 Cast: Flame Tongue      |    52 |   141 |   128 ||   321
       Sticky Flame      |       |     2 |    18 ||    20
       Conjure Flame     |       |       |     4 ||     4
       Fireball          |       |       |     8 ||     8
       Throw Flame       |       |       |     1 ||     1
  Use: Scroll            |       |    11 |       ||    11
  Eat: Chunk             |       |     8 |    10 ||    18
Armor: Robe              |       |     8 |     9 ||    17
Dodge: Dodged            |     6 |    32 |    26 ||    64

Table legend:
 A = Non-vault XP
 B = Vault XP
 C = Vault XP percentage of total XP
 D = Non-vault monster count
 E = Vault monster count
 F = Vault count percentage of total count
                 A         B        C        D         E       F
            +---------+---------+-------+---------+---------+-------
      Total |    2523 |     475 |  15.8 |     139 |      10 |   6.7
            +---------+---------+-------+---------+---------+-------
        D:1 |      40 |       0 |   0.0 |      19 |       0 |   0.0
        D:2 |      64 |      26 |  28.9 |      16 |       8 |  33.3
        D:3 |     245 |       0 |   0.0 |      33 |       0 |   0.0
        D:4 |     470 |       0 |   0.0 |      27 |       0 |   0.0
        D:5 |     380 |     185 |  32.7 |      11 |       1 |   8.3
        D:6 |    1181 |     264 |  18.3 |      24 |       1 |   4.0
        D:7 |     109 |       0 |   0.0 |       8 |       0 |   0.0
     Temple |      34 |       0 |   0.0 |       1 |       0 |   0.0
            +---------+---------+-------+---------+---------+-------
